 Dungeon Crawl Stone Soup version 0.31-a0-806-g0bc164a743 (webtiles) character file.

Game seed: 14102878710244647990

3124 javelincjr the Ruffian (level 10, -14/74 HPs)
             Began as a Human Shapeshifter on Sept 20, 2023.
             Was a Follower of Makhleb.
             Demolished by an ogre
             ... wielding a +0 giant club
              (33 damage)
             ... on level 7 of the Dungeon.
             The game lasted 00:19:51 (6317 turns).

javelincjr the Ruffian (Human Shapeshifter)         Turns: 6317, Time: 00:19:52

Health: -14/74     AC:  3    Str: 16    XL:     10   Next: 14%
Magic:  10/10      EV: 14    Int: 12    God:    Makhleb [*.....]
Gold:   402        SH:  0    Dex: 14    Spells: 9/9 levels left

rFire   . . .        b - +2 whip (venom)
rCold   . . .        (no shield)
rNeg    + . .        s - +1 robe {rN+}
rPois   .            (helmet currently unavailable)
rElec   .            (cloak currently unavailable)
rCorr   .            (gloves currently unavailable)
SInv    .            (boots currently unavailable)
Will    .....        (no amulet)
Stlth   +            (no ring)
HPRegen 0.32/turn    (no ring)
MPRegen 0.12/turn

%: no passive effects
@: beast-form
A: beast (slay +4)
a: Begin Untransformation, Renounce Religion


You were on level 7 of the Dungeon.
You worshipped Makhleb.
Makhleb was aware of your devotion.
You were a hulking beast.
You visited 2 branches of the dungeon, and saw 8 of its levels.
You also visited: Sewer.

You collected 402 gold pieces.

Inventory:

Hand Weapons
 a - the +6 sling of Greed {speed, +Blink Str+4 Int-3 SInv}
   (You found it on level 3 of the Dungeon)

   Str+4:     It affects your strength (+4).
   Int-3:     It affects your intelligence (-3).
   SInv:      It lets you see invisible.
   +Blink:    It lets you blink.
 b - a +2 whip of venom (weapon)
 g - a +1 whip of venom
 p - a +1 dagger of speed
Missiles
 K - 9 poisoned darts
Armour
 m - a +1 pair of boots
 s - a +1 robe of positive energy (worn)
 x - a +0 animal skin
 y - a +0 cloak of stealth
Magical Staves
 E - a staff of earth
Talismans
 c - a beast talisman (active)
 d - a flux talisman
Wands
 C - a wand of roots (5)
Scrolls
 f - 3 scrolls of teleportation {unknown}
 h - 2 scrolls of acquirement {unknown}
 i - 7 scrolls of identify {unknown}
 k - 2 scrolls of fear {unknown}
 l - 2 scrolls of enchant armour {unknown}
 n - 3 scrolls of fog {unknown}
 o - 2 scrolls of vulnerability {unknown}
 t - 2 scrolls of immolation {unknown}
 w - 2 scrolls of revelation {unknown}
 z - a scroll of enchant weapon {unknown}
 D - a scroll of amnesia {unknown}
 J - a scroll of blinking {unknown}
Potions
 e - a potion of enlightenment {unknown}
 j - 4 potions of curing
 q - 7 potions of heal wounds {unknown}
 r - a potion of magic {unknown}
 u - a potion of haste {unknown}
 v - 2 potions of attraction {unknown}
 A - 2 potions of brilliance {unknown}
 B - a potion of degeneration {unknown}
 F - a potion of invisibility {unknown}
 G - 3 potions of cancellation {unknown}
 H - 2 potions of lignification
 I - a potion of might {unknown}


   Skills:
 + Level 5.0 Fighting
 + Level 4.2 Ranged Weapons
 + Level 4.0 Armour
 + Level 5.2 Dodging
 * Level 7.5 Unarmed Combat
 * Level 7.0 Shapeshifting


You had 9 spell levels left.
You didn't know any spells.
Your spell library contained the following spells:

 Spells                   Type           Power      Damage    Failure   Level
 Apportation              Tloc           0%         N/A       32%         1
 Necrotise                Necr           0%         1d4       32%         1
 Summon Small Mammal      Summ           0%         N/A       32%         1
 Gell's Gravitas          Tloc           0%         N/A       69%         3
 Teleport Other           Tloc           0%         N/A       69%         3
 Passage of Golubria      Tloc           0%         N/A       97%         4
 Silence                  Hex/Air        0%         N/A       100%        5
 Dispersal                Tloc           0%         N/A       100%        6
 Lehudib's Crystal Spear  Conj/Erth      0%         10d2      100%        8


Dungeon Overview and Level Annotations

Branches:
Dungeon (7/15)             Temple (1/1) D:5           Sewer (visited)

Altars:
Ashenzari
Cheibriados
Dithmenos
Fedhas
Gozag
Makhleb
Okawaru
Ru
Sif Muna
Trog
Uskayaw
Vehumet
Wu Jian
Xom
Yredelemnul
The Shining One

Shops:
D:3 ?


Message History

You are too injured to fight recklessly!
You hit the wight.
The wight is severely damaged.
The wight barely misses you.
You hit the wight.
You destroy the wight!
Makhleb accepts your kill.
You feel better.
Your Armour skill increases to level 4!
Your Shapeshifting skill increases to level 7!
You closely miss the kobold brigand.
The kobold brigand hits you with a +0 club!
You hit the kobold brigand.
The kobold brigand is poisoned.
The kobold brigand is lightly wounded.
The kobold brigand misses you.
The kobold brigand hits you with a +0 club.
You hit the kobold brigand.
The kobold brigand looks as sick as possible!
The kobold brigand is lightly wounded.
The kobold brigand hits you with a +0 club.
* * * LOW HITPOINT WARNING * * *
You barely miss the kobold brigand.
The kobold brigand is heavily wounded.
The kobold brigand barely misses you.
You whack the kobold brigand!
The kobold brigand is severely wounded.
The kobold brigand hits you with a +0 club.
* * * LOW HITPOINT WARNING * * *
You hit the kobold brigand.
The kobold brigand is almost dead.
The kobold brigand barely misses you.
You whack the kobold brigand!
You kill the kobold brigand!
Makhleb accepts your kill.
You feel better.
Your life force feels restored.
You hit the ogre.
The ogre is poisoned.
The ogre is heavily wounded.
The ogre hits you with a +0 giant club!!
You die...

#.#.........†###
#.##............ #
#.####.#...#####
.###. ###.# #.##.##
.....##...####.##.#
..............##.#
###.....####.##.# #
##...## #.##.# #
##h## #.##.######
#O# ##.##.......
o#.#' ##..#########
yoo###...#########
.8.......)<.).))).
#...###...#########
'#.#+ ##. # .#.# #
# #


You could see an ogre (very poisoned), a killer bee and 2 orcs.

Vanquished Creatures
  6 yaks (D:7)
  Edmund (D:4)
  A water moccasin (D:6)
  A sky beast (D:7)
  A black bear (D:7)
  2 ice beasts
  An ogre (D:4)
  2 phantoms
  3 kobold brigands (D:7)
  4 scorpions
  3 bullfrogs
  A wight (D:7)
  A howler monkey (D:4)
  3 hounds
  Crazy Yiuf (D:3)
  2 orc priests (D:6)
  A gnoll bouda (D:5)
  A jelly (D:5)
  Jessica (D:3)
  A sleepcap (D:4)
  Natasha (thrice) (D:4)
  An iguana (D:4)
  5 orc wizards
  3 gnolls (D:5)
  10 adders
  A river rat (Sewer)
  2 white imps (D:6)
  An ufetubus (D:6)
  3 worms
  3 dart slugs (D:1)
  7 orcs
  12 ball pythons
  3 endoplasms
  6 giant cockroaches
  7 goblins
  9 hobgoblins
  5 jackals
  6 quokkas
  9 bats
  13 frilled lizards
  5 kobolds
  16 rats
167 creatures vanquished.

Notes
Turn   | Place    | Note
-------+----------+-------------------------------------------
     0 | D:1      | javelincjr the Human Shapeshifter began the quest for the
                  | Orb.
     0 | D:1      | Reached XP level 1. HP: 15/15 MP: 1/1
    93 | D:1      | Reached XP level 2. HP: 15/21 MP: 2/2
   384 | D:1      | Reached XP level 3. HP: 26/26 MP: 3/3
   938 | D:2      | Reached XP level 4. HP: 23/33 MP: 4/4
  1421 | D:2      | Found a sacrificial altar of Ru.
  1864 | D:3      | Reached XP level 5. HP: 24/38 MP: 5/5
  1954 | D:3      | Found Tonnuh's Magic Scroll Emporium.
  2002 | D:3      | Noticed Jessica
  2010 | D:3      | Killed Jessica
  2054 | D:3      | Found a glowing drain.
  2092 | Sewer    | Entered a sewer
  2770 | D:3      | Identified the +6 sling of Greed {speed, +Blink Str+4 Int-3
                  | SInv}
  2869 | D:3      | Found a runed translucent door.
  2870 | D:3      | Noticed Crazy Yiuf
  2880 | D:3      | Killed Crazy Yiuf
  2881 | D:3      | Reached XP level 6. HP: 38/46 MP: 6/6
  3209 | D:4      | Noticed an ogre
  3215 | D:4      | Killed an ogre
  3272 | D:4      | Reached skill level 1 in Ranged Weapons
  3295 | D:4      | Reached skill level 1 in Armour
  3295 | D:4      | Reached XP level 7. HP: 51/51 MP: 7/7
  3337 | D:4      | Noticed Edmund
  3354 | D:4      | Killed Edmund
  3604 | D:4      | Noticed Natasha
  3605 | D:4      | Killed Natasha
  3643 | D:4      | Reached skill level 5 in Unarmed Combat
  3657 | D:4      | Reached XP level 8. HP: 58/58 MP: 8/8
  3690 | D:4      | Reached skill level 5 in Shapeshifting
  3998 | D:4      | Noticed Natasha
  4001 | D:4      | Killed Natasha
  4070 | D:4      | Noticed Natasha
  4072 | D:4      | Killed Natasha
  4078 | D:5      | Entered Level 5 of the Dungeon
  4201 | D:5      | Found a staircase to the Ecumenical Temple.
  4293 | Temple   | Entered the Ecumenical Temple
  4314 | Temple   | Became a worshipper of Makhleb the Destroyer
  4890 | D:6      | Reached XP level 9. HP: 65/65 MP: 9/9
  5492 | D:7      | Found a hide-covered altar of Uskayaw.
  6054 | D:7      | Reached * piety under Makhleb
  6055 | D:7      | Reached skill level 5 in Dodging
  6243 | D:7      | Reached XP level 10. HP: 73/73 MP: 10/10
  6303 | D:7      | Reached skill level 5 in Fighting
  6317 | D:7      | Demolished by an ogre

Illustrated notes

Levels and vault maps discovered:
D:1:      wheals_arrival_linesprint, layout_loops_ring
D:2:      layout_basic, basic_altar, chequers_serial_rivers_marsh
D:3:      layout_basic, serial_shops, nicolae_shop_tiny_waterfront,
          portal_sewer_entry_f, uniq_jessica, uniq_crazy_yiuf_cottage
D:4:      layout_basic, kennysheep_windowed_goal, uniq_edmund, uniq_natasha
D:5:      layout_loops_ring, minmay_temple_entry_sparse_star
D:6:      layout_basic, hangedman_decor_slide_cut, kennysheep_generic_room_7
D:7:      cheibrodos_barr_body, layout_loops_ring, amcnicky_altar_gilded,
          nrook_loot_triangle
Temple:   nicolae_temple_two_arcs

Skill      XL: |  1  2  3  4  5  6  7  8  9 10 |
---------------+-------------------------------+-----
Fighting       | 2 3 4 5 |  5.0
Unarmed Combat | 4 5 6 7 |  7.5
Dodging        | 3 4 5 |  5.2
Shapeshifting  | 4 5 6 7 |  7.0
Ranged Weapons | 1 2 4 |  4.2
Armour         | 1 2 3 4 |  4.0

Action                     |  1- 3 |  4- 6 |  7- 9 | 10-12 || total
---------------------------+-------+-------+-------+-------++-------
  Melee: Unarmed           |    12 |       |       |       ||    12
         Whip              |    59 |    75 |    44 |    13 ||   191
         Punch             |     3 |     4 |     2 |       ||     9
         Dagger            |       |   121 |       |       ||   121
   Fire: Sling             |       |    44 |   211 |    13 ||   268
    Use: Potion            |       |       |     2 |       ||     2
   Stab: Sleeping          |     1 |     5 |       |       ||     6
 Armour: Animal skin       |    39 |    49 |       |       ||    88
         Robe              |       |    34 |    61 |     9 ||   104
         Skin              |       |       |     2 |       ||     2
  Dodge: Dodged            |    46 |    99 |    57 |     4 ||   206

Table legend: (Time is in decaauts)
 A = Elapsed time spent in this place.
 B = Non-inter-level travel time spent in this place.
 C = Inter-level travel time spent in this place.
 D = Time resting spent in this place.
 E = Time spent auto-exploring this place.
 F = Levels seen in this place.
 G = Mean time per level.
                   A        B        C        D        E       F      G
               +--------+--------+--------+--------+--------+-----+--------+
         Total |   6312 |   6120 |    192 |    480 |   4460 |   9 |  701.3 |
       Dungeon |   5677 |   5495 |    182 |    480 |   4001 |   7 |  811.0 |
        Temple |     31 |     21 |     10 |      0 |      0 |   1 |   31.0 |
         Sewer |    603 |    603 |      0 |      0 |    458 |   1 |  603.0 |
               +--------+--------+--------+--------+--------+-----+--------+

Top non-repeatable levels by time:
     D:1: 926 daAuts
     D:2: 912 daAuts
     D:4: 899 daAuts
     D:7: 840 daAuts
     D:3: 756 daAuts
     D:6: 727 daAuts
     D:5: 614 daAuts
   Sewer: 603 daAuts
  Temple: 31 daAuts
